 Dungeon Crawl Stone Soup version 0.29.0-13-gc9e81de378 (webtiles) character file.

Game seed: 14563409256824140084

1148 blackman the Cudgeller (level 8, -2/58 HPs)
             Began as a Demonspawn Fighter on Sept 7, 2022.
             Slain by an orc warrior
             ... wielding a +0 halberd
              (18 damage)
             ... on level 6 of the Dungeon.
             The game lasted 00:09:10 (6791 turns).

blackman the Cudgeller (Demonspawn Fighter)         Turns: 6791, Time: 00:09:10

Health: -2/58      AC:  7    Str: 19    XL:     8   Next: 15%
Magic:  8/8        EV:  9    Int: 10    God:
Gold:   382        SH:  8    Dex: 12    Spells: 7/7 levels left

rFire   . . .      SeeInvis .   l - +4 whip (elec)
rCold   . . .      Faith    .   c - +0 buckler
rNeg    . . .      Spirit   .   b - +0 scale mail
rPois   .          Reflect  .   (no helmet)
rElec   .          Harm     .   w - +0 cloak
rCorr   .          Rampage  .   (no gloves)
Will    .....                   (no boots)
Stlth   ..........              (no amulet)
HPRegen 0.19/turn               (no ring)
MPRegen 0.11/turn               (no ring)

@: no status effects
A: large bone plates 1, demonic guardian 2
a: no special abilities


You were on level 6 of the Dungeon.
You visited 1 branch of the dungeon, and saw 6 of its levels.

You collected 382 gold pieces.

Inventory:

Hand Weapons
 a - a +0 trident
 l - a +4 whip of electrocution (weapon)
Missiles
 q - 13 poisoned darts (quivered)
Armour
 b - a +0 scale mail (worn)
 c - a +0 buckler (worn)
 w - a +0 cloak (worn)
Wands
 m - a wand of light (13)
 x - a wand of digging (3)
Scrolls
 e - 3 scrolls of immolation {unknown}
 g - 8 scrolls of identify {unknown}
 h - 2 scrolls of magic mapping {unknown}
 j - a scroll of brand weapon {unknown}
 k - 6 scrolls of teleportation {unknown}
 o - a scroll of fog {unknown}
 p - a scroll of summoning {unknown}
 s - a scroll of enchant weapon {unknown}
 t - a scroll of blinking {unknown}
Potions
 d - a potion of might
 f - 2 potions of flight {unknown}
 i - 3 potions of brilliance {unknown}
 n - a potion of heal wounds {unknown}
 r - a potion of lignification {unknown}
 u - 2 potions of attraction {unknown}
 v - 2 potions of mutation {unknown}
 z - a potion of curing


   Skills:
 - Level 3.0 Fighting
 * Level 7.8 Maces & Flails
 - Level 4.3 Polearms
 - Level 2.6 Armour
 - Level 2.6 Shields


You had 7 spell levels left.
You didn't know any spells.
Your spell library contained the following spells:

 Spells                   Type           Power      Damage    Failure   Level
 Blink                    Tloc           0%         N/A       93%         2
 Lesser Beckoning         Tloc           0%         N/A       99%         3
 Animate Dead             Necr           0%         N/A       100%        4
 Borgnjor's Vile Clutch   Necr/Erth      0%         N/A       100%        5
 Manifold Assault         Tloc           0%         N/A       100%        5
 Death Channel            Necr           0%         N/A       100%        6
 Borgnjor's Revivificati  Necr           0%         N/A       100%        8
 Necromutation            Tmut/Necr      0%         N/A       100%        8
 Death's Door             Necr           0%         N/A       100%        9


Dungeon Overview and Level Annotations

Branches:
Dungeon (6/15)
 Temple: D:4-7

Altars:
Nemelex Xobeh
Trog
Uskayaw
Vehumet
Wu Jian

Shops:
D:2 *


Innate Abilities, Weirdness & Mutations

You are partially covered in large bone plates. (SH +4)
A demonic guardian rushes to your aid.


Message History

a +0 trident; a +0 ring mail; an orc corpse You hit the orc priest.
The orc priest is moderately wounded.
The orc priest hits you but does no damage.
The orc hits you with a +0 morningstar.
The orc priest invokes the aid of Beogh against you.
You struggle to resist.
You closely miss the orc priest.
The orc priest is moderately wounded.
You block the orc priest's attack. The orc closely misses you.
You block the orc priest's attack.
You whack the orc priest!
The orc priest is severely wounded.
The orc priest invokes the aid of Beogh against you.
Beogh smites you! The orc barely misses you.
You block the orc warrior's attack.
You hit the orc priest.
Lightning courses through the orc priest!
You kill the orc priest!
The orc attacks as you move away! The orc closely misses you.
The orc priest mumbles some strange prayers to Beogh against you.
You struggle to resist.
You closely miss the orc. The orc misses you.
The orc priest mumbles some strange prayers to Beogh against you.
Beogh smites you! You block the orc priest's attack.
You block the orc warrior's attack.
You see here a +0 flail.
You closely miss the orc priest. The orc barely misses you.
The orc priest miscasts a cantrip.
The orc warrior hits you from afar with a +0 halberd!
* * * LOW HITPOINT WARNING * * *
Aiming: Bolt of Light
Press: ? - help, Shift-Dir - straight line, f - orc warrior
Aim: an orc warrior, wielding a +0 halberd and wearing a +0 chain mail (68% to hit)
The bolt of light hits the orc warrior!
The orc warrior is heavily wounded.
The orc warrior is blinded.
You block the orc's attack. You block the orc priest's attack.
The orc warrior hits you from afar with a +0 halberd!!
You die...

. #. #######.. .# #.##
#........#.##### +...
#........#......
...##.............#
#...... .........#
#....#####.......#
#..o.....+.......#.
#.@#....##.........
#.o)o............##
.......#........#..####
.......#...........##.#
#.......#........#..##.#
#.......#.....†..).<...#
.....##.#.###.....#.##..
##..# #.### #.....#.####
#.. #. #........


You could see an orc warrior (blind), an orc priest and an orc.

Vanquished Creatures
  A water moccasin (D:5)
  An ice beast (D:5)
  A centaur (D:5)
  Blork the orc (D:5)
  2 scorpions
  A howler monkey (D:5)
  4 hounds
  A jelly (D:5)
  An orc priest (D:6)
  3 orc wizards (D:5)
  2 gnolls (D:4)
  11 adders
  A worm (D:4)
  3 dart slugs (D:1)
  10 orcs
  5 ball pythons
  7 endoplasms
  2 giant cockroaches (D:2)
  11 goblins
  11 hobgoblins
  6 jackals
  3 kobolds
  2 quokkas
  5 bats
  8 frilled lizards
  3 rats
106 creatures vanquished.

Vanquished Creatures (collateral kills)
  A water moccasin (D:6)
  An orc priest (D:6)
  3 gnolls (D:4)
  2 orcs (D:5)
  An endoplasm (D:1)
  A goblin (D:4)
  A jackal (D:1)
10 creatures vanquished.

Grand Total: 116 creatures vanquished

Notes
Turn   | Place    | Note
-------+----------+-------------------------------------------
     0 | D:1      | blackman the Demonspawn Fighter began the quest for the
                  | Orb.
     0 | D:1      | Reached XP level 1. HP: 18/18 MP: 1/1
    75 | D:1      | Gained mutation: A weak demonic guardian rushes to your
                  | aid. [demonic ancestry]
    75 | D:1      | Reached XP level 2. HP: 19/24 MP: 2/2
   162 | D:1      | Found a faded altar of an unknown god.
   726 | D:1      | Reached XP level 3. HP: 28/29 MP: 3/3
  1426 | D:2      | Gained mutation: You are partially covered in large bone
                  | plates. (SH +4) [demonic ancestry]
  1426 | D:2      | Reached XP level 4. HP: 34/35 MP: 4/4
  1518 | D:2      | Found Emiesoen's General Store.
  2378 | D:3      | Reached skill level 1 in Maces & Flails
  2441 | D:3      | Found a bloodstained altar of Trog.
  2866 | D:4      | Gained mutation: A demonic guardian rushes to your aid.
                  | [demonic ancestry]
  2866 | D:4      | Reached XP level 5. HP: 26/41 MP: 5/5
  3189 | D:4      | Reached skill level 2 in Maces & Flails
  3191 | D:4      | Found a sparkling altar of Nemelex Xobeh.
  3279 | D:5      | Entered Level 5 of the Dungeon
  3838 | D:4      | Found an ornate altar of the Wu Jian Council.
  3925 | D:4      | Reached skill level 3 in Maces & Flails
  3925 | D:4      | Reached XP level 6. HP: 12/47 MP: 6/6
  4449 | D:5      | Found a hide-covered altar of Uskayaw.
  4465 | D:5      | Reached skill level 4 in Maces & Flails
  4648 | D:5      | Noticed an ice beast
  4663 | D:5      | Killed an ice beast
  4664 | D:5      | Reached skill level 5 in Maces & Flails
  4664 | D:5      | Reached XP level 7. HP: 49/52 MP: 7/7
  5082 | D:5      | Reached skill level 6 in Maces & Flails
  5849 | D:5      | Found a radiant altar of Vehumet.
  5936 | D:5      | Noticed Blork the orc
  5946 | D:5      | Killed Blork the orc
  6247 | D:5      | Reached skill level 7 in Maces & Flails
  6750 | D:6      | Reached XP level 8. HP: 48/58 MP: 8/8
  6791 | D:6      | Slain by an orc warrior

Illustrated notes

Levels and vault maps discovered:
D:1:      dpeg_arrival_signposts, layout_basic,
          chequers_ecumenical_altar_simple_redux
D:2:      layout_basic, serial_shops, shop, st_stairs_5, minmay_misc_feat_room
D:3:      layout_basic, bloody_trog, serial_glass, glass_columns_c,
          glass_columns_a
D:4:      layout_cave_pools, amcnicky_altar_gilded, lemuel_round_altar,
          serial_column_ruins, column_ruins_hut, column_ruins_hut,
          column_ruins_grid_2, column_ruins_grid_3, column_ruins_open_medium,
          column_ruins_corridor_straight, column_ruins_open_large,
          column_ruins_columns_straight
D:5:      layout_basic, lemuel_crystal_altar, lemuel_doored_altar,
          grunt_ministairs_6, uniq_blork_the_orc
D:6:      layout_basic, minmay_temple_entry_glassed_door, uniq_pikel

Skill      XL: |  1  2  3  4  5  6  7 |
---------------+----------------------+-----
Polearms       | 2 3 4 |  4.3
Maces & Flails | 1 3 5 7 |  7.8
Fighting       | |  3.0
Armour         | |  2.6
Shields        | |  2.6

Action                   |  1- 3 |  4- 6 |  7- 9 || total
-------------------------+-------+-------+-------++-------
Melee: Trident           |   127 |    34 |       ||   161
       Whip              |       |   136 |    63 ||   199
Throw: Dart              |       |     3 |     4 ||     7
Evoke: Wand              |       |     2 |     2 ||     4
 Stab: Invisible         |       |       |     1 ||     1
Armor: Scale mail        |    58 |    53 |    26 ||   137
Dodge: Dodged            |    48 |    50 |    31 ||   129
Block: Buckler           |    15 |    70 |    28 ||   113
